 Dungeon Crawl Stone Soup version 0.30-a0-722-g3e6e8c874d (webtiles) character file.

Game seed: 4122059830758059390

93 warriortoast the Trooper (level 4, 0/38 HPs)
             Began as a Barachi Fighter on Jan 27, 2023.
             Slain by an orc wizard
             ... wielding a +0 dagger
              (4 damage)
             ... on level 2 of the Dungeon.
             The game lasted 00:05:41 (2134 turns).

warriortoast the Trooper (Barachi Fighter)          Turns: 2134, Time: 00:05:41

Health: 0/38       AC: 10    Str: 18    XL:     4   Next: 61%
Magic:  4/4        EV:  9    Int: 10    God:
Gold:   178        SH:  4    Dex: 11    Spells: 3/3 levels left

rFire   . . .      SeeInvis .    a - +0 war axe
rCold   . . .      Faith    .    c - +0 buckler
rNeg    . . .      Spirit   .    b - +0 scale mail
rPois   .          Reflect  .    o - +0 helmet
rElec   .          Harm     .    e - +0 cloak
rCorr   .          Rampage  .    p - +0 pair of gloves
Will    .....                    (no boots) Stlth
                                 (no amulet)
HPRegen 0.26/turn                (no ring)
MPRegen 0.09/turn                (no ring)

@: mighty, slow
A: amphibious, slowness 1, strong legs 1, +LOS
a: Hop


You were on level 2 of the Dungeon.
You visited 1 branch of the dungeon, and saw 3 of its levels.

You collected 178 gold pieces.

Inventory:

Hand Weapons
 a - a +0 war axe (weapon)
Missiles
 i - 11 boomerangs
 j - 4 poisoned darts (quivered)
Armour
 b - a +0 scale mail (worn)
 c - a +0 buckler (worn)
 e - a +0 cloak (worn)
 o - a +0 helmet (worn)
 p - a +0 pair of gloves (worn)
Jewellery
 l - a ring of fire
Scrolls
 m - a scroll of identify {unknown}
 n - a scroll of teleportation {unknown}
 q - a scroll of fear {unknown}
 s - a scroll of poison {unknown}
Potions
 d - 3 potions of might
 f - a potion of curing {unknown}
 g - a potion of lignification {unknown}
 h - a potion of ambrosia {unknown}
 k - a potion of resistance {unknown}
 r - a potion of heal wounds {unknown}


   Skills:
 + Level 4.9 Fighting
 + Level 3.7 Axes
 + Level 1.4 Throwing
 - Level 3.6 Armour
 - Level 3.2 Shields


You had 3 spell levels left.
You didn't know any spells.
Your spell library contained the following spells:

 Spells                   Type           Power      Damage    Failure   Level
 Slow                     Hex            0%         N/A       83%         1
 Confusing Touch          Hex            0%         N/A       99%         3
 Vampiric Draining        Necr           0%         2d6       99%         3
 Airstrike                Air            0%         2d(0-16)  100%        4
 Summon Lightning Spire   Summ/Air       0%         N/A       100%        4
 Lightning Bolt           Conj/Air       0%         1d11      100%        5
 Borgnjor's Revivificati  Necr           0%         N/A       100%        8
 Necromutation            Tmut/Necr      0%         N/A       100%        8
 Death's Door             Necr           0%         N/A       100%        9


Dungeon Overview and Level Annotations

Branches:
Dungeon (3/15)

Altars:

Shops:
D:2 =


Innate Abilities, Weirdness & Mutations

You are amphibious.
You cover ground slowly.
You can hop short distances.
You have an extended range of vision and can be seen from far away.


Message History

You are more confused.
Something hits you but does no damage.
You hear some strange, mumbled words.
A puff of flame appears from out of thin air!
The puff of flame hits you.
You are too confused!
Something hits you. x2
Something hits you but does no damage.
You barely miss something.
You hear some strange, mumbled words.
Something tries to affect you, but you resist.
You hear some strange, mumbled words.
A magic dart appears from out of thin air!
The magic dart hits you.
You miss something. Something hits you.
* * * LOW HITPOINT WARNING * * *
Something hits you but does no damage.
You hear some strange, mumbled words.
A magic dart appears from out of thin air!
The magic dart hits you.
* * * LOW HITPOINT WARNING * * *
Something hits you but does no damage. Something hits you but does no damage.
You feel less confused. Something hits you but does no damage.
You feel very mighty all of a sudden.
You hear some strange, mumbled words.
A puff of flame appears from out of thin air!
The puff of flame hits you but does no damage.
You closely miss something. Something hits you.
* * * LOW HITPOINT WARNING * * *
You miss something. Something hits you but does no damage.
You miss something. Something hits you.
* * * LOW HITPOINT WARNING * * *
You hear some strange, mumbled words.
A magic dart appears from out of thin air!
The magic dart hits you.
* * * LOW HITPOINT WARNING * * *
You barely miss something. Something hits you.
You die...

....†...........##.....#........#
........#.......................#
.......<+.......)....#...........
.##.....#............+...........
.++.....###........###.......###.
.##.....#.+.<....#.# #...........
.....#'##.#........###...........
........#....>.{.....#...........
................@###.............
##..............####.....#.......
.+..............##.......#.......
##...............#....÷..#.....#.
#...............#.............#.
######.....##....###.............
.....#'##..##...#######...##.....
................###.###...##.....
.........#.##...##.#.###.........


There were no monsters in sight!

Vanquished Creatures
  2 adders
  A worm (D:3)
  5 dart slugs
  2 orcs (D:3)
  3 ball pythons
  5 endoplasms
  2 giant cockroaches
  5 goblins
  2 hobgoblins
  6 jackals (D:1)
  7 kobolds
  8 bats
  3 frilled lizards
  7 rats
58 creatures vanquished.

Notes
Turn   | Place    | Note
-------+----------+-------------------------------------------
     0 | D:1      | warriortoast the Barachi Fighter began the quest for the
                  | Orb.
     0 | D:1      | Reached XP level 1. HP: 18/18 MP: 1/1
    63 | D:1      | Reached skill level 4 in Fighting
    63 | D:1      | Reached XP level 2. HP: 25/25 MP: 2/2
   249 | D:1      | Reached XP level 3. HP: 30/31 MP: 3/3
   978 | D:2      | Found a faded altar of an unknown god.
  1357 | D:2      | Found Byufo's Jewellery Shoppe.
  1478 | D:2      | Reached skill level 1 in Throwing
  1478 | D:2      | Reached XP level 4. HP: 38/38 MP: 4/4
  2134 | D:2      | Slain by an orc wizard

Illustrated notes

Levels and vault maps discovered:
D:1:      psy_arrival_fountain, layout_basic, minmay_misc_feat_diagonals,
          st_stairs_8, chequers_serial_rivers_room_a
D:2:      minmay_inner_zag, layout_basic, ebering_ecumenical_altar_mist,
          serial_shops, shop
D:3:      minmay_chambers_of_threes, layout_basic,
          lemuel_zombie_altar_kikubaaqudgha, hangedman_decor_clover_reticule,
          minmay_stone_trees_small, minmay_strange_pillars

Skill      XL: |  1  2  3 |
---------------+----------+-----
Fighting       | 4 |  4.9
Axes           | 3 |  3.7
Throwing       | 1 |  1.4
Armour         | |  3.6
Shields        | |  3.2

Action                     |  1- 3 |  4- 6 || total
---------------------------+-------+-------++-------
  Melee: War axe           |   123 |    47 ||   170
  Throw: Dart              |     4 |     6 ||    10
    Use: Potion            |       |     1 ||     1
 Armour: Scale mail        |   100 |    42 ||   142
  Dodge: Dodged            |    75 |    13 ||    88
  Block: Buckler           |    43 |     5 ||    48

Table legend: (Time is in decaauts)
 A = Elapsed time spent in this place.
 B = Non-inter-level travel time spent in this place.
 C = Inter-level travel time spent in this place.
 D = Time resting spent in this place.
 E = Time spent auto-exploring this place.
 F = Levels seen in this place.
 G = Mean time per level.
                   A        B        C        D        E       F      G
               +--------+--------+--------+--------+--------+-----+--------+
         Total |   2533 |   2354 |    179 |      0 |   1816 |   3 |  844.3 |
       Dungeon |   2533 |   2354 |    179 |      0 |   1816 |   3 |  844.3 |
               +--------+--------+--------+--------+--------+-----+--------+

Top non-repeatable levels by time:
     D:1: 1127 daAuts
     D:2: 1011 daAuts
     D:3: 393 daAuts
